Map: 2000 Atmospheres LE

Players

A.I. 1 (Very Easy)

  • Race: Zerg Zerg

sanlefa - Winner!

  • Race: Zerg Zerg

VOD

Have the link to the VOD?

Description

Time

  • Played on: Jan. 16, 2022, 11:16 a.m.
  • Length: 8:52
Show
View Real Time Build Order
Export as new Build Order

A.I. 1 (Very Easy) Zerg 

Build Orders: Pool First 

Get SALT Encoding   

  12  0:01  Drone  
  13  0:12  Overlord  
  13  0:16  Drone  
  14  0:35  Spawning Pool  
  13  0:37  Extractor  
  13  0:40  Drone  
  13  0:47  Drone  
  14  0:53  Overlord  
  14  1:23  Zergling x2  
  14  1:24  Queen  
  17  1:32  Roach Warren  
  16  1:36  Drone  
  16  1:39  Extractor  
  16  1:41  Zergling x2  
  16  1:43  Drone  
  18  1:57  Drone  
  18  2:00  Zergling x2  
  21  2:08  Drone  
  21  2:19  Drone  
  23  2:30  Drone  
  23  2:31  Overlord  
  24  2:37  Drone  
  25  2:44  Drone  
  25  4:15  Zergling x2  
  25  5:50  Drone, Roach  
  25  5:51  Lair, Overlord  
  28  5:57  Drone  
  29  6:04  Drone  
  30  6:12  Drone  
  30  6:19  Drone  
  29  6:31  Roach  
  31  6:48  Overseer x2  
  31  7:13  Roach  
  27  7:34  Hatchery  
  26  7:42  Queen, Roach  
  26  7:44  Drone  
  26  7:51  Drone  
  16  7:58  Drone  
  14  8:06  Drone  
  14  8:11  Roach  
  17  8:13  Drone  
  17  8:20  Drone  
  15  8:28  Drone  
  15  8:31  Spawning Pool  
  9  8:35  Drone  
  6  8:48  Hatchery  
Show
View Real Time Build Order
Export as new Build Order

sanlefa Zerg - Winner!

Build Orders: Hatch First, Swarm Host 

Get SALT Encoding   

  12  0:00  Drone  
  13  0:12  Overlord  
  13  0:17  Drone  
  14  0:30  Drone x2  
  16  0:50  Hatchery  
  16  0:53  Drone  
  16  0:55  Drone  
  17  0:59  Drone  
  18  1:09  Extractor  
  17  1:16  Spawning Pool  
  16  1:19  Drone  
  16  1:22  Drone  
  18  1:28  Drone  
  19  1:39  Drone  
  20  1:49  Overlord  
  20  2:03  Queen x2  
  20  2:04  Zergling x2  
  20  2:05  Zergling x2  
  26  2:17  Drone x2  
  26  2:20  Metabolic Boost  
  28  2:23  Drone  
  28  2:25  Drone  
  30  2:38  Hatchery  
  30  2:40  Drone  
  30  2:44  Overlord  
  30  2:48  Drone x2  
  32  2:53  Queen  
  34  2:59  Drone x2  
  36  3:06  Drone  
  36  3:10  Drone  
  38  3:13  Drone x2, Overlord  
  38  3:18  Drone  
  41  3:24  Drone  
  42  3:29  Queen  
  44  3:35  Drone x2  
  46  3:43  Zergling x4  
  46  3:47  Zergling x6  
  51  3:52  Overlord  
  51  3:53  Overlord  
  51  3:58  Queen  
  51  4:02  Lair  
  53  4:05  Roach Warren  
  53  4:08  Extractor  
  51  4:10  Extractor  
  51  4:17  Drone x11  
  52  4:23  Overlord x2  
  61  4:32  Overlord  
  61  4:33  Drone x3  
  64  4:39  Queen  
  66  4:52  Roach x7  
  80  5:00  Drone  
  80  5:02  Extractor  
  80  5:03  Overlord x2  
  80  5:04  Drone  
  80  5:05  Drone x3  
  84  5:08  Glial Reconstitution  
  84  5:22  Drone x9  
  84  5:24  Drone x3  
  96  5:33  Overlord x2  
  96  5:36  Extractor  
  96  5:37  Extractor  
  96  5:42  Drone x3  
  97  5:43  Drone  
  97  5:44  Drone x2, Overlord  
  97  5:49  Infestation Pit  
  99  5:58  Evolution Chamber  
  98  6:12  Overlord  
  98  6:24  Zerg Missile Weapons Level 1  
  98  6:25  Swarm Host x10  
  101  6:30  Roach  
  130  6:33  Roach x4  
  130  6:35  Overlord x3  
  138  7:01  Roach x12  
  162  7:22  Overlord x2  
  162  7:33  Evolution Chamber  
  159  7:48  Roach x8  
  159  7:49  Roach  
  159  7:50  Overlord x6  
  177  8:03  Hatchery  
  176  8:06  Ravager  
  176  8:07  Ravager  
  176  8:08  Ravager x4  
  176  8:10  Swarm Host x6  
Tags
 
Add a new tag
Caveats
  • Supply blocks, unpowered buildings, or Contaminate may cause inaccurate times.
  • Supply counts are checked every 10 seconds.